 Dungeon Crawl Stone Soup version 0.19.5 (webtiles) character file.

56 BugsBunnySan the Ducker (level 3, 17/17 HPs)
             Began as a Felid Berserker on Mar 10, 2017.
             Was a Believer of Trog.
             Quit the game on level 4 of the Dungeon.
             The game lasted 00:04:29 (3045 turns).

BugsBunnySan the Ducker (Felid Berserker)           Turns: 3045, Time: 00:04:30

Health: 17/17      AC:  1    Str: 13    XL:     3   Next: 71%
Magic:  4/4        EV: 20    Int:  8    God:    Trog [**....]
Gold:   82         SH:  0    Dex: 16    Spells: 0 memorised, 2 levels left
                                        Lives:  0   Deaths: 1

rFire  . . .     SeeInvis +       - Unarmed
rCold  . . .     Gourm    .     (armour unavailable)
rNeg   . . .     Faith    .     (shield unavailable)
rPois  .         Spirit   .     (helmet unavailable)
rElec  .         Reflect  .     (cloak unavailable)
rCorr  .         Harm     .     (gloves unavailable)
MR     .....                    (boots unavailable)
Stlth  ++........               (no amulet)
                                (no ring)
                                (no ring)

@: quick
A: no armour, no weapons or thrown items, stealth, claws 1, fangs 3, see
invisible, carnivore 3, speed 1, shaggy fur 1, slow metabolism 1, sharp paws
a: Berserk, Trog's Hand, Burn Spellbooks, Renounce Religion


You were on level 4 of the Dungeon.
You worshipped Trog.
Trog was pleased with you.
You were not hungry.

You visited 1 branch of the dungeon, and saw 4 of its levels.

You collected 82 gold pieces.

Inventory:

Jewellery
 m - a +2 ring of evasion {unknown}
 n - a +3 amulet of reflection {unknown}
 o - an uncursed ring of stealth {unknown}
Scrolls
 b - a scroll of immolation {unknown}
 d - a scroll of amnesia {unknown}
 f - a scroll of fog {unknown}
 h - 5 scrolls of teleportation {unknown}
 i - 2 scrolls of remove curse {unknown}
 j - a scroll of identify {unknown}
Potions
 e - a potion of flight {unknown}
 k - 2 potions of ambrosia {unknown}
 l - a potion of lignification {unknown}
Comestibles
 a - 2 meat rations
 c - a slice of pizza
 g - 2 chunks of flesh


   Skills:
 + Level 3.3 Fighting
 + Level 4.9 Dodging
 + Level 2.0 Stealth
 * Level 4.4 Unarmed Combat


You had 2 spell levels left.
You didn't know any spells.

Dungeon Overview and Level Annotations

Branches:
Dungeon (4/15)
 Temple: D:4-7

Altars:
Cheibriados
Elyvilon
Trog
The Shining One


Innate Abilities, Weirdness & Mutations

You cannot wear armour.
You are incapable of wielding weapons or throwing items.
Your paws allow you to move quietly. (Stealth)
You have sharp claws.
You have razor-sharp teeth.
You have supernaturally acute eyesight. (SInv)
You are carnivorous and can eat meat at any time.
You cover ground quickly.
You are covered in fur. (AC +1)
You have a slow metabolism.
Your sharp claws are effective at attacking unaware monsters.


Message History

The centaur hits the bush.
You claw the bush!
The bush is moderately damaged.
You scratch the bush.
The bush is heavily damaged.
The centaur hits the bush but does no damage.
You claw the bush!
The bush is heavily damaged.
The centaur wields an uncursed shortbow.
The centaur shoots an arrow.
The arrow closely misses you.
You claw the bush!
The bush is heavily damaged.
The centaur shoots an arrow.
The arrow barely misses you.
You scratch the bush but do no damage.
The bush is heavily damaged.
The centaur shoots an arrow.
The arrow hits you!
You die...
You are now level 3!
You rejoin the land of the living...
Are you sure you want to abandon this character and quit the game? (Confirm with "yes".)

########.#
#.# #.#
#.# .#
#######.#
#...@..#
#.###.##
##


There were no monsters in sight!

Vanquished Creatures
  5 adders
  3 worms (D:2)
  2 dart slugs (D:2)
  2 leopard geckos
  8 bats
  5 giant cockroaches
  4 goblins
  5 hobgoblins
  10 jackals (D:2)
  A ball python (D:1)
  4 frilled lizards
  3 kobolds (D:2)
  A rat (D:2)
53 creatures vanquished.

Notes
Turn   | Place    | Note
-------+----------+-------------------------------------------
     0 | D:1      | BugsBunnySan the Felid Berserker began the quest for the Orb.
     0 | D:1      | Reached XP level 1. HP: 10/10 MP: 2/2
   470 | D:1      | Reached XP level 2. HP: 13/14 MP: 3/3
  1026 | D:1      | Reached XP level 3. HP: 16/17 MP: 4/4
  1448 | D:2      | Found a glowing golden altar of the Shining One.
  1505 | D:2      | Reached skill level 1 in Stealth
  1509 | D:2      | Reached ** piety under Trog
  1922 | D:2      | Found a bloodstained altar of Trog.
  1923 | D:2      | Found a white marble altar of Elyvilon.
  1961 | D:2      | Reached XP level 4. HP: 13/21 MP: 5/5
  2469 | D:2      | Found a snail-covered altar of Cheibriados.
  3024 | D:4      | Noticed a centaur
  3036 | D:4      | HP: 1/31 [centaur/arrow (16)]
  3044 | D:4      | Shot with an arrow by a centaur
  3045 | D:4      | Reached XP level 3. HP: -9/25 MP: 4/4
  3045 | D:4      | Quit the game

Skill      XL: |  1  2  3  4 |
---------------+-------------+-----
Stealth        | 1 2 |  2.0
Unarmed Combat | 4 |  4.4
Fighting       | |  3.3
Dodging        | |  4.9

Action                   |  1- 3 |  4- 6 || total
-------------------------+-------+-------++-------
Melee: Unarmed           |   104 |    62 ||   166
       Bite              |     9 |     3 ||    12
       Punch             |     2 |       ||     2
Invok: Berserk           |     1 |     1 ||     2
 Stab: Sleeping          |     3 |     1 ||     4
       Distracted        |       |     1 ||     1
  Eat: Chunk             |    10 |     2 ||    12
Armor: Skin              |     4 |     1 ||     5
Dodge: Dodged            |   120 |    68 ||   188
